 Dungeon Crawl Stone Soup version 0.23.1 (webtiles) character file.

Game seed: 0

3847 Fang the Fighter (level 10, -9/65 HPs)
             Began as a Gargoyle Berserker on Mar 6, 2019.
             Was an Elder of Trog.
             Killed by divine providence
             ... invoked by an orc priest
              (10 damage)
             ... on level 8 of the Dungeon.
             The game lasted 00:09:41 (7700 turns).

Fang the Fighter (Gargoyle Berserker)               Turns: 7700, Time: 00:09:42

Health: -9/65      AC: 23    Str: 24    XL:     10   Next: 18%
Magic:  10/10      EV: 13    Int:  8    God:    Trog [****..]
Gold:   428        SH:  0    Dex:  9    Spells: 9/9 levels left

rFire    . . .     SeeInvis .   r - +0 war axe
rCold    . . .     Gourm    .   (no shield)
rNeg     + . .     Faith    .   o - +0 plate armour
rPois    ∞         Spirit   .   (no helmet)
rElec    +         Reflect  .   p - +1 cloak
rCorr    .         Harm     .   (no gloves)
MR       .....                  (no boots)
Stlth    ..........             (no amulet)
HPRegen  0.20/turn              n - +4 ring of evasion
MPRegen  0.12/turn              m - ring of flight

@: berserk cooldown, slowed, very slow
A: negative energy resistance 1, electricity resistance, unbreathing,
petrification resistance, rot immunity, AC +7
a: Berserk, Trog's Hand, Brothers in Arms, Renounce Religion, Evoke Flight


You were on level 8 of the Dungeon.
You worshipped Trog.
Trog was greatly pleased with you.
You were hungry.

You visited 2 branches of the dungeon, and saw 9 of its levels.

You collected 428 gold pieces.

Inventory:

Hand Weapons
 a - a +0 hand axe of electrocution
 r - a +0 war axe (weapon)
Armour
 o - a +0 plate armour (worn)
 p - a +1 cloak (worn)
Jewellery
 g - an uncursed ring of magical power
 m - a ring of flight (right hand)
 n - a +4 ring of evasion (left hand)
Wands
 q - a wand of enslavement (9)
Scrolls
 e - 5 scrolls of remove curse
 j - 3 scrolls of teleportation
Potions
 b - a potion of heal wounds {unknown}
 d - a potion of haste
 f - a potion of ambrosia
 h - 2 potions of berserk rage
 i - 2 potions of flight
 l - a potion of mutation
Comestibles
 c - 13 rations
 k - 7 chunks of flesh


   Skills:
 + Level 8.5 Fighting
 + Level 7.1 Axes
 + Level 8.2 Armour
 + Level 6.2 Dodging


You had 9 spell levels left.
You didn't know any spells.
Your spell library was empty.

Dungeon Overview and Level Annotations

Branches:
Dungeon (8/15)             Temple (1/1) D:4            Lair (0/6) D:8

Altars:
Ru
Sif Muna
Trog
Uskayaw
Wu Jian
Yredelemnul
Zin


Innate Abilities, Weirdness & Mutations

You are resistant to torment.
Your stone body is resilient. (AC +7)
You are immune to poison.
You resist negative energy. (rN+)
You are resistant to electric shocks. (rElec)
You can survive without breathing.
You are immune to petrification.
You are immune to rotting.


Message History

The orc priest calls upon Beogh to heal the orc wizard.
The orc wizard's wounds heal themselves!
The orc priest invokes the aid of Beogh against you.
Beogh smites you!
* * * LOW HITPOINT WARNING * * *
You hit the orc wizard.
The orc wizard is moderately wounded.
You are no longer berserk.
You are exhausted.
You feel yourself slow down. The orc wizard closely misses you.
The orc priest calls down the wrath of Beogh upon you.
Beogh smites you!
* * * LOW HITPOINT WARNING * * *
You barely miss the orc wizard.
The orc wizard is moderately wounded.
The orc wizard casts a spell at you.
The magic dart hits you but does no damage.
The orc priest calls down the wrath of Beogh upon you.
Beogh smites you!
You die...

#.#...........
#.#.#####.....
#?#.# ##'###
#######...# #.#
#.$.......#### #.#
#..............#.#
#....$.........#.#
#..)...........#.#
#.)@).....######.#
##o######># #.#


ooo ... ..# ..ooo .##. ... ..!...o ....... ###.... #.... You could see 2 orc
priests, an orc wizard and 5 orcs.

Vanquished Creatures
  Pikel (D:5)
  A komodo dragon (D:8)
  Sigmund (D:2)
  Duvessa (D:5)
  A black bear (D:5)
  A hornet zombie (D:8)
  4 ice beasts
  2 orc warriors
  A slave (D:5)
  4 ogres
  6 bullfrogs
  Dowan (D:5)
  A scorpion (D:5)
  4 wights (D:7)
  4 killer bees (D:7)
  A bullfrog zombie (D:6)
  2 hounds
  A centaur zombie (D:7)
  A jelly (D:6)
  2 centaur skeletons (D:8)
  3 orc priests
  5 orc wizards
  2 iguanas
  Terence (D:2)
  3 worker ants
  Natasha (D:3)
  Robin (D:2)
  2 hound skeletons
  A howler monkey zombie (D:5)
  4 gnolls (D:7)
  A howler monkey skeleton (D:6)
  8 adders
  A shadow imp (D:6)
  An ooze (D:3)
  An adder skeleton (D:4)
  3 worms
  A dart slug (D:1)
  6 leopard geckos
  24 orcs
  2 ball pythons
  6 giant cockroaches
  6 hobgoblins
  2 jackals (D:4)
  5 quokkas
  9 bats
  4 frilled lizards
  14 goblins
  12 kobolds
  2 leopard gecko skeletons
  6 rats
  A spectral orc (D:2)
  2 plants (D:8)
180 creatures vanquished.

Vanquished Creatures (others)
  2 plants (D:8)
2 creatures vanquished.

Grand Total: 182 creatures vanquished

Notes
Turn   | Place    | Note
-------+----------+-------------------------------------------
     0 | D:1      | Fang the Gargoyle Berserker began the quest for the Orb.
     0 | D:1      | Reached XP level 1. HP: 14/14 MP: 1/1
    85 | D:1      | Reached XP level 2. HP: 14/19 MP: 2/2
   531 | D:1      | Reached XP level 3. HP: 16/23 MP: 3/3
  1114 | D:1      | Reached ** piety under Trog
  1174 | D:2      | Noticed Robin
  1185 | D:2      | Killed Robin
  1185 | D:2      | Reached XP level 4. HP: 14/29 MP: 4/4
  1415 | D:2      | Noticed Sigmund
  1423 | D:2      | Killed Sigmund
  1423 | D:2      | Reached XP level 5. HP: 25/34 MP: 5/5
  1423 | D:2      | Reached XP level 6. HP: 29/39 MP: 6/6
  1457 | D:2      | Noticed Terence
  1632 | D:2      | Killed Terence
  1767 | D:2      | Found a basalt altar of Yredelemnul.
  2507 | D:3      | Found a deep blue altar of Sif Muna.
  2636 | D:3      | Reached *** piety under Trog
  3018 | D:3      | Noticed Natasha
  3027 | D:3      | Killed Natasha
  3751 | D:4      | Found a staircase to the Ecumenical Temple.
  3774 | Temple   | Entered the Ecumenical Temple
  3796 | D:4      | Reached skill level 5 in Fighting
  3796 | D:4      | Reached XP level 7. HP: 27/44 MP: 7/7
  4378 | D:5      | Entered Level 5 of the Dungeon
  4505 | D:5      | Noticed Duvessa
  4506 | D:5      | Noticed Dowan
  4517 | D:5      | Killed Duvessa
  4537 | D:5      | Killed Dowan
  4537 | D:5      | Reached skill level 5 in Armour
  4625 | D:5      | Noticed Pikel
  4642 | D:5      | Killed Pikel
  4642 | D:5      | Reached skill level 5 in Axes
  4642 | D:5      | Reached XP level 8. HP: 52/52 MP: 8/8
  5926 | D:6      | Reached XP level 9. HP: 57/57 MP: 9/9
  6089 | D:6      | Reached skill level 5 in Dodging
  6220 | D:6      | Found an ornate altar of the Wu Jian Council.
  6220 | D:6      | Found a glowing silver altar of Zin.
  6221 | D:6      | Found a hide-covered altar of Uskayaw.
  6320 | D:6      | Reached **** piety under Trog
  7576 | D:8      | Reached XP level 10. HP: 64/64 MP: 10/10
  7611 | D:8      | Found a staircase to the Lair.
  7699 | D:8      | HP: 1/65 [orc priest/divine providence (12)]
  7700 | D:8      | Killed from afar by an orc priest

Skill      XL: |  1  2  3  4  5  6  7  8  9 10 |
---------------+-------------------------------+-----
Axes           | 3 4 5 6 7 |  7.1
Dodging        | 2 3 4 5 6 |  6.2
Armour         | 3 4 5 6 7 8 |  8.2
Fighting       | 4 5 6 7 8 |  8.5

Action                   |  1- 3 |  4- 6 |  7- 9 | 10-12 || total
-------------------------+-------+-------+-------+-------++-------
Melee: Hand axe          |    99 |   135 |   213 |       ||   447
       War axe           |       |       |   156 |    67 ||   223
Invok: Berserk           |     2 |     3 |     5 |     1 ||    11
  Use: Scroll            |       |       |    17 |       ||    17
       Potion            |       |       |     1 |       ||     1
 Stab: Distracted        |     1 |       |       |       ||     1
  Eat: Chunk             |     2 |     9 |    17 |     1 ||    29
       Ration            |       |     1 |       |       ||     1
Armor: Animal skin       |    41 |    22 |       |       ||    63
       Scale mail        |       |    49 |     2 |       ||    51
       Chain mail        |       |       |    71 |       ||    71
       Plate armour      |       |       |   138 |    32 ||   170
Dodge: Dodged            |    73 |    93 |   272 |    28 ||   466
